General information
- name: BNet
- type: Ladder team game (AT/RT)
- host: Battle.net
- saver: FlashingLights
map: Cherryville
- players: 8
- length: 36:05
- speed: Fast
- version: 1.28 W3XP
- replay type: Public
» download(237 KB)
Players
team 1 (winner)
Kazakhstan (
pink | 56 APM | 1477 actions | 26:27)
5 Archmage
3 Summon Water Elemental
2 Brilliance Aura
» actions
| Assign group hotkey | 71 | |
| Build / train | 77 | |
| Enter build submenu | 35 | |
| Enter hero's abilities submenu | 6 | |
| Right click | 514 | |
| Select / deselect | 422 | |
| Select group hotkey | 227 | |
| Use ability | 125 | |
1477 total
» units
| Peasant | 12 | |
| Footman | 5 | |
| Sorceress | 10 | |
| Spell Breaker | 1 | |
| Knight | 9 | |
37 total
» upgrades
| Masonry | 3 | |
| Lumber Harvesting | 1 | |
| Magic Sentry | 1 | |
| Sorceress Training | 2 | |
| Plating | 2 | |
| Swords | 2 | |
| Control Magic | 1 | |
| Animal War Training | 1 | |
13 total
» buildings
| Altar of Kings | 1 | |
| Farm | 12 | |
| Barracks | 1 | |
| Lumber Mill | 1 | |
| Scout Tower | 9 | |
| Arcane Tower | 5 | |
| Keep | 3 | |
| Arcane Vault | 3 | |
| Guard Tower | 6 | |
| Arcane Sanctum | 3 | |
| Blacksmith | 1 | |
| Castle | 2 | |
47 total
» build order
00:20 Altar of Kings
00:36 Farm
00:50 Barracks
01:06 Lumber Mill
01:12 Farm
01:45 Scout Tower
02:13 Farm
02:14 Arcane Tower
02:14 Arcane Tower
02:51 Farm
03:12 Keep
03:12 Keep
03:30 Scout Tower
03:43 Arcane Vault
03:58 Arcane Tower
03:59 Farm
04:29 Arcane Vault
04:38 Scout Tower
05:07 Guard Tower
05:21 Farm
05:31 Scout Tower
05:47 Arcane Sanctum
05:53 Arcane Sanctum
06:05 Arcane Tower
06:26 Scout Tower
06:34 Blacksmith
06:53 Arcane Tower
07:16 Farm
08:21 Farm
08:39 Farm
08:42 Castle
08:42 Castle
09:19 Farm
10:03 Farm
11:28 Scout Tower
11:29 Scout Tower
12:19 Guard Tower
12:27 Guard Tower
12:27 Guard Tower
13:08 Farm
14:47 Scout Tower
14:48 Scout Tower
15:18 Guard Tower
17:04 Arcane Sanctum
18:18 Arcane Vault
» items
| Scroll of Town Portal | 2 | |
| Scroll of Regeneration | 2 | |
| Orb of Corruption | 1 | |
5 total
3HERO (
red | 51 APM | 1350 actions | 26:33)
5 Death Knight
3 Death Coil
2 Unholy Aura
2 Lich
1 Frost Nova
1 Frost Armor
» actions
| Basic commands | 26 | |
| Build / train | 80 | |
| Enter build submenu | 25 | |
| Enter hero's abilities submenu | 7 | |
| Give item / drop item | 4 | |
| Right click | 669 | |
| Select / deselect | 460 | |
| Use ability | 79 | |
1350 total
» units
| Acolyte | 9 | |
| Ghoul | 7 | |
| Frost Wyrm | 11 | |
| Goblin Shredder | 5 | |
| Gargoyle | 5 | |
37 total
» upgrades
| Creature Attack | 3 | |
| Creature Carapace | 5 | |
| Ghoul Frenzy | 1 | |
| Freezing Breath | 1 | |
| Stone Form | 1 | |
11 total
» buildings
| Graveyard | 1 | |
| Crypt | 2 | |
| Ziggurat | 10 | |
| Altar of Darkness | 1 | |
| Nerubian Tower | 1 | |
| Tomb of Relics | 1 | |
| Halls of the Dead | 1 | |
| Necropolis | 2 | |
| Spirit Tower | 3 | |
| Black Citadel | 1 | |
| Sacrificial Pit | 1 | |
| Boneyard | 3 | |
27 total
» build order
00:35 Graveyard
00:41 Crypt
00:45 Ziggurat
00:58 Altar of Darkness
01:48 Nerubian Tower
01:51 Ziggurat
02:15 Tomb of Relics
02:33 Ziggurat
05:48 Halls of the Dead
05:53 Ziggurat
06:24 Ziggurat
06:27 Ziggurat
06:30 Ziggurat
06:34 Ziggurat
06:43 Ziggurat
06:57 Necropolis
07:18 Ziggurat
07:32 Spirit Tower
08:11 Black Citadel
08:17 Spirit Tower
08:27 Sacrificial Pit
08:32 Spirit Tower
09:24 Necropolis
11:15 Boneyard
11:34 Boneyard
18:45 Boneyard
21:47 Crypt
» items
| Rod of Necromancy | 1 | |
| Boots of Speed | 2 | |
| Staff of Teleportation | 1 | |
| Potion of Lesser Invulnerability | 1 | |
| Orb of Corruption | 2 | |
| Potion of Healing | 4 | |
| Scroll of Town Portal | 4 | |
| Potion of Mana | 2 | |
17 total
REVELATIONSPACE (
yellow | 96 APM | 3451 actions | 36:05)
10 Blademaster
3 Wind Walk
3 Critical Strike
1 Bladestorm
3 Mirror Image
» actions
| Assign group hotkey | 84 | |
| Basic commands | 94 | |
| Build / train | 107 | |
| ESC pressed | 25 | |
| Enter build submenu | 64 | |
| Enter hero's abilities submenu | 10 | |
| Give item / drop item | 18 | |
| Remove unit from queue | 1 | |
| Right click | 1272 | |
| Select / deselect | 354 | |
| Select group hotkey | 1122 | |
| Use ability | 300 | |
3451 total
» units
| Peon | 18 | |
| Grunt | 8 | |
| Goblin Shredder | 4 | |
| Wind Rider | 10 | |
| Troll Batrider | 7 | |
47 total
» upgrades
| Berserker Strength | 1 | |
| Pillage | 1 | |
| Armor | 3 | |
| Ranged Weapons | 3 | |
| Reinforced Defenses | 1 | |
| Ensnare | 0 | |
| Envenomed Spears | 1 | |
| Spiked Barricades | 3 | |
| Liquid Fire | 1 | |
| Melee Weapons | 1 | |
15 total
» buildings
| Orc Burrow | 6 | |
| Altar of Storms | 1 | |
| Barracks | 1 | |
| Voodoo Lounge | 1 | |
| Stronghold | 4 | |
| Great Hall | 6 | |
| War Mill | 2 | |
| Watch Tower | 38 | |
| Fortress | 1 | |
| Beastiary | 4 | |
64 total
» build order
00:07 Orc Burrow
00:09 Orc Burrow
01:08 Altar of Storms
01:09 Barracks
01:47 Voodoo Lounge
02:26 Orc Burrow
03:50 Stronghold
03:50 Stronghold
04:38 Great Hall
04:55 War Mill
04:59 War Mill
06:20 Watch Tower
06:27 Watch Tower
07:14 Fortress
07:19 Watch Tower
07:21 Watch Tower
07:23 Watch Tower
09:19 Beastiary
09:21 Beastiary
09:38 Watch Tower
09:40 Watch Tower
11:00 Great Hall
11:36 Watch Tower
13:18 Great Hall
13:20 Watch Tower
13:22 Watch Tower
13:24 Watch Tower
13:41 Orc Burrow
15:43 Beastiary
15:46 Beastiary
16:04 Great Hall
16:09 Watch Tower
16:10 Watch Tower
16:12 Watch Tower
16:22 Watch Tower
16:26 Watch Tower
16:29 Watch Tower
17:54 Watch Tower
18:06 Watch Tower
18:10 Watch Tower
20:14 Watch Tower
20:16 Watch Tower
20:19 Watch Tower
20:44 Watch Tower
20:45 Watch Tower
23:32 Orc Burrow
23:35 Orc Burrow
23:44 Watch Tower
23:48 Watch Tower
26:56 Watch Tower
26:57 Watch Tower
27:34 Watch Tower
27:36 Watch Tower
27:49 Watch Tower
27:50 Watch Tower
27:53 Watch Tower
28:04 Watch Tower
28:20 Watch Tower
28:22 Watch Tower
28:26 Watch Tower
33:52 Great Hall
35:35 Great Hall
» items
| Healing Salve | 5 | |
| Scroll of Regeneration | 1 | |
| Lesser Clarity Potion | 4 | |
| Potion of Mana | 1 | |
| Circlet of Nobility | 1 | |
| Boots of Speed | 1 | |
| Staff of Teleportation | 1 | |
| Orb of Lightning | 1 | |
| Mechanical Critter | 2 | |
| Scroll of Town Portal | 1 | |
18 total

»
blehhh (
orange | 50 APM | 1209 actions | 24:18)
5 Archmage
3 Summon Water Elemental
2 Brilliance Aura
2 Paladin
1 Holy Light
1 Devotion Aura
» actions
| Assign group hotkey | 30 | |
| Basic commands | 47 | |
| Build / train | 63 | |
| Enter build submenu | 37 | |
| Enter hero's abilities submenu | 7 | |
| Give item / drop item | 2 | |
| Right click | 367 | |
| Select / deselect | 343 | |
| Select group hotkey | 243 | |
| Use ability | 70 | |
1209 total
» units
| Peasant | 13 | |
| Footman | 6 | |
| Goblin Shredder | 1 | |
| Mortar Team | 4 | |
| Siege Engine | 8 | |
32 total
» upgrades
| Defend | 1 | |
| Gunpowder | 3 | |
| Plating | 2 | |
| Fragmentation Shards | 1 | |
| Barrage | 1 | |
8 total
» buildings
| Altar of Kings | 2 | |
| Farm | 13 | |
| Barracks | 1 | |
| Arcane Vault | 1 | |
| Town Hall | 3 | |
| Scout Tower | 4 | |
| Lumber Mill | 1 | |
| Keep | 1 | |
| Guard Tower | 1 | |
| Blacksmith | 1 | |
| Castle | 1 | |
| Workshop | 4 | |
33 total
» build order
00:10 Altar of Kings
00:17 Farm
00:51 Barracks
00:55 Farm
01:50 Farm
01:57 Arcane Vault
02:35 Farm
03:38 Town Hall
03:46 Scout Tower
03:46 Scout Tower
03:47 Scout Tower
03:48 Scout Tower
03:59 Lumber Mill
04:46 Keep
05:16 Guard Tower
05:48 Blacksmith
06:05 Farm
06:06 Farm
06:52 Farm
07:26 Castle
08:10 Workshop
08:28 Workshop
08:32 Farm
09:28 Workshop
09:35 Farm
10:17 Farm
10:18 Farm
11:32 Farm
11:33 Farm
11:44 Workshop
22:07 Town Hall
23:16 Town Hall
23:55 Altar of Kings
» items
| Scroll of Regeneration | 3 | |
| Scroll of Town Portal | 3 | |
| Potion of Healing | 4 | |
| Orb of Fire | 1 | |
11 total
team 2 (loser)

»
jayphive (
blue | 36 APM | 1148 actions | 32:05)
5 Demon Hunter
1 Immolation
2 Evasion
2 Mana Burn
4 Priestess of the Moon
1 Searing Arrows
2 Trueshot Aura
1 Scout
3 Dark Ranger
2 Silence
1 Black Arrow
» actions
| Assign group hotkey | 31 | |
| Basic commands | 54 | |
| Build / train | 114 | |
| Enter build submenu | 37 | |
| Enter hero's abilities submenu | 12 | |
| Give item / drop item | 1 | |
| Remove unit from queue | 1 | |
| Right click | 251 | |
| Select / deselect | 254 | |
| Select group hotkey | 308 | |
| Use ability | 85 | |
1148 total
» units
| Wisp | 26 | |
| Archer | 20 | |
| Dryad | 12 | |
| Druid of the Talon | 3 | |
| Chimaera | 10 | |
| Hippogryph | 8 | |
79 total
» upgrades
| Strength of the Wild | 3 | |
| Abolish Magic | 1 | |
| Reinforced Hides | 1 | |
| Well Spring | 1 | |
| Strength of the Moon | 1 | |
| Corrosive Breath | 1 | |
8 total
» buildings
| Altar of Elders | 3 | |
| Moon Well | 14 | |
| Ancient of War | 4 | |
| Tree of Ages | 2 | |
| Hunter's Hall | 2 | |
| Tree of Life | 3 | |
| Tree of Eternity | 2 | |
| Ancient of Lore | 2 | |
| Ancient of Wind | 2 | |
| Chimaera Roost | 4 | |
| Ancient of Wonders | 1 | |
39 total
» build order
00:07 Altar of Elders
00:14 Moon Well
00:52 Ancient of War
01:42 Moon Well
02:35 Tree of Ages
02:56 Moon Well
03:49 Hunter's Hall
04:42 Moon Well
04:54 Tree of Life
06:07 Tree of Eternity
06:26 Ancient of Lore
07:07 Ancient of Wind
07:35 Moon Well
08:32 Chimaera Roost
09:20 Moon Well
11:18 Moon Well
12:19 Chimaera Roost
15:39 Moon Well
17:06 Ancient of War
17:18 Tree of Ages
17:21 Moon Well
17:36 Tree of Life
17:47 Tree of Life
17:49 Moon Well
17:55 Ancient of War
18:10 Moon Well
18:49 Ancient of War
18:53 Moon Well
19:31 Hunter's Hall
19:46 Altar of Elders
21:11 Altar of Elders
21:14 Tree of Eternity
21:37 Ancient of Lore
23:55 Ancient of Wind
25:07 Chimaera Roost
25:43 Chimaera Roost
28:09 Moon Well
28:14 Ancient of Wonders
29:07 Moon Well
» items
| Scroll of Healing | 1 | |
| Potion of Lesser Invulnerability | 2 | |
| Scroll of Town Portal | 2 | |
| Periapt of Vitality | 1 | |
| Circlet of Nobility | 1 | |
7 total
tHe)r3Al4sG0D (
purple | 51 APM | 1814 actions | 35:31)
5 Demon Hunter
3 Mana Burn
2 Evasion
» actions
| Build / train | 90 | |
| Enter build submenu | 33 | |
| Enter hero's abilities submenu | 5 | |
| Give item / drop item | 1 | |
| Remove unit from queue | 6 | |
| Right click | 1274 | |
| Select / deselect | 343 | |
| Use ability | 62 | |
1814 total
» units
| Wisp | 20 | |
| Huntress | 28 | |
| Hippogryph | 8 | |
56 total
» upgrades
| Ultravision | 1 | |
| Sentinel | 1 | |
| Strength of the Moon | 1 | |
| Upgrade Moon Glaive | 1 | |
| Well Spring | 1 | |
| Moon Armor | 1 | |
6 total
» buildings
| Moon Well | 7 | |
| Altar of Elders | 1 | |
| Ancient of War | 3 | |
| Hunter's Hall | 1 | |
| Tree of Ages | 1 | |
| Ancient of Wonders | 4 | |
| Tree of Eternity | 2 | |
| Ancient Protector | 6 | |
| Ancient of Wind | 1 | |
| Tree of Life | 2 | |
28 total
» build order
01:05 Moon Well
01:11 Altar of Elders
01:33 Ancient of War
02:29 Hunter's Hall
02:41 Moon Well
03:43 Ancient of War
03:47 Ancient of War
03:59 Moon Well
04:02 Moon Well
07:26 Tree of Ages
07:32 Moon Well
07:38 Moon Well
08:35 Moon Well
09:24 Ancient of Wonders
09:34 Ancient of Wonders
10:48 Tree of Eternity
10:48 Tree of Eternity
19:32 Ancient Protector
19:43 Ancient of Wind
19:55 Tree of Life
21:34 Ancient of Wonders
23:51 Tree of Life
27:40 Ancient Protector
27:44 Ancient Protector
27:48 Ancient Protector
27:51 Ancient Protector
28:00 Ancient Protector
28:06 Ancient of Wonders
» items
| Circlet of Nobility | 1 | |
| Scroll of Town Portal | 4 | |
| Orb of Venom | 1 | |
6 total
FlashingLights (
teal | 57 APM | 2054 actions | 36:05)
9 Blademaster
3 Wind Walk
3 Critical Strike
1 Bladestorm
2 Mirror Image
» actions
| Assign group hotkey | 62 | |
| Basic commands | 131 | |
| Build / train | 67 | |
| Enter build submenu | 65 | |
| Enter hero's abilities submenu | 9 | |
| Give item / drop item | 9 | |
| Right click | 864 | |
| Select / deselect | 370 | |
| Select group hotkey | 193 | |
| Use ability | 284 | |
2054 total
» units
| Peon | 8 | |
| Grunt | 5 | |
| Goblin Shredder | 1 | |
| Troll Batrider | 6 | |
| Goblin Sapper | 4 | |
24 total
» upgrades
| Reinforced Defenses | 1 | |
| Liquid Fire | 1 | |
| Ranged Weapons | 3 | |
| Armor | 5 | |
| Troll Regeneration | 1 | |
| Envenomed Spears | 1 | |
| Ensnare | 1 | |
| Pillage | 1 | |
14 total
» buildings
| Orc Burrow | 3 | |
| Altar of Storms | 1 | |
| Barracks | 1 | |
| Voodoo Lounge | 1 | |
| Stronghold | 1 | |
| Great Hall | 2 | |
| War Mill | 2 | |
| Watch Tower | 56 | |
| Fortress | 1 | |
| Beastiary | 4 | |
72 total
» build order
00:14 Orc Burrow
00:54 Altar of Storms
00:55 Barracks
01:10 Orc Burrow
01:53 Voodoo Lounge
02:50 Stronghold
03:43 Orc Burrow
04:50 Great Hall
05:26 War Mill
07:02 Watch Tower
07:02 Watch Tower
07:03 Watch Tower
07:03 Watch Tower
07:07 Fortress
07:22 Watch Tower
07:23 Watch Tower
07:27 Watch Tower
08:35 Watch Tower
08:37 Watch Tower
08:38 Watch Tower
08:43 Watch Tower
08:46 Watch Tower
08:50 Watch Tower
08:51 Watch Tower
10:00 Watch Tower
10:01 Watch Tower
10:03 Beastiary
10:05 Beastiary
11:11 Beastiary
12:00 Watch Tower
12:01 Watch Tower
12:04 Watch Tower
12:04 Watch Tower
13:00 Beastiary
13:07 Watch Tower
14:26 War Mill
17:19 Watch Tower
17:19 Watch Tower
17:20 Watch Tower
17:20 Watch Tower
17:20 Watch Tower
17:21 Watch Tower
17:24 Watch Tower
17:25 Watch Tower
17:25 Watch Tower
17:25 Watch Tower
17:43 Watch Tower
17:43 Watch Tower
17:44 Watch Tower
17:45 Watch Tower
24:05 Watch Tower
24:05 Watch Tower
24:05 Watch Tower
24:06 Watch Tower
24:06 Watch Tower
25:45 Great Hall
26:13 Watch Tower
26:13 Watch Tower
26:14 Watch Tower
26:14 Watch Tower
26:16 Watch Tower
26:16 Watch Tower
26:17 Watch Tower
26:23 Watch Tower
26:23 Watch Tower
26:25 Watch Tower
26:26 Watch Tower
26:27 Watch Tower
» items
| Healing Salve | 5 | |
| Boots of Speed | 1 | |
| Potion of Healing | 3 | |
| Scroll of Town Portal | 3 | |
| Potion of Mana | 2 | |
| Orb of Lightning | 1 | |
| Staff of Teleportation | 1 | |
| Lesser Clarity Potion | 1 | |
17 total
ANDROMEDASUX (
green | 66 APM | 2367 actions | 36:05)
6 Blademaster
3 Wind Walk
2 Critical Strike
1 Bladestorm
» actions
| Assign group hotkey | 45 | |
| Basic commands | 134 | |
| Build / train | 73 | |
| Enter build submenu | 32 | |
| Enter hero's abilities submenu | 6 | |
| Give item / drop item | 1 | |
| Remove unit from queue | 9 | |
| Right click | 892 | |
| Select / deselect | 316 | |
| Select group hotkey | 697 | |
| Use ability | 162 | |
2367 total
» units
| Peon | 11 | |
| Troll Batrider | 1 | |
| Wind Rider | 4 | |
| Goblin Shredder | 1 | |
| Raider | 8 | |
| Goblin Zeppelin | 1 | |
| Goblin Sapper | 4 | |
30 total
» upgrades
| Ranged Weapons | 2 | |
| Reinforced Defenses | 1 | |
| Liquid Fire | 1 | |
| Ensnare | 1 | |
| Melee Weapons | 3 | |
| Armor | 2 | |
| Pillage | 1 | |
11 total
» buildings
| Altar of Storms | 1 | |
| Orc Burrow | 6 | |
| War Mill | 1 | |
| Voodoo Lounge | 2 | |
| Watch Tower | 38 | |
| Stronghold | 3 | |
| Beastiary | 5 | |
| Fortress | 2 | |
| Great Hall | 1 | |
59 total
» build order
00:06 Altar of Storms
00:21 Orc Burrow
00:37 War Mill
01:12 Voodoo Lounge
01:50 Watch Tower
02:10 Watch Tower
03:04 Stronghold
03:05 Stronghold
03:05 Stronghold
03:26 Watch Tower
03:27 Watch Tower
03:43 Orc Burrow
03:44 Orc Burrow
03:45 Orc Burrow
04:33 Watch Tower
05:51 Beastiary
05:56 Beastiary
06:17 Fortress
06:17 Fortress
09:26 Watch Tower
09:27 Watch Tower
09:29 Watch Tower
09:30 Watch Tower
09:30 Watch Tower
10:37 Watch Tower
10:37 Watch Tower
10:38 Watch Tower
10:38 Watch Tower
11:03 Watch Tower
11:36 Watch Tower
12:17 Watch Tower
12:56 Watch Tower
14:33 Beastiary
14:37 Orc Burrow
16:11 Orc Burrow
17:36 Watch Tower
17:36 Watch Tower
17:36 Watch Tower
21:17 Watch Tower
21:17 Watch Tower
21:20 Watch Tower
21:21 Watch Tower
21:21 Watch Tower
21:21 Watch Tower
22:06 Watch Tower
22:46 Beastiary
23:37 Voodoo Lounge
23:40 Beastiary
25:54 Great Hall
26:18 Watch Tower
26:18 Watch Tower
26:19 Watch Tower
26:19 Watch Tower
26:19 Watch Tower
28:24 Watch Tower
28:24 Watch Tower
28:24 Watch Tower
28:25 Watch Tower
28:25 Watch Tower
» items
| Healing Salve | 2 | |
| Lesser Clarity Potion | 1 | |
| Tiny Great Hall | 2 | |
| Staff of Teleportation | 1 | |
| Potion of Lesser Invulnerability | 1 | |
| Dust of Appearance | 1 | |
| Scroll of Town Portal | 1 | |
| Orb of Lightning | 1 | |
10 total
Chat log
(01:43 / All) FlashingLights: SHE DONT BELIEVE IN SHOOTING STARS
(01:47 / All) FlashingLights: BUT SHE BELIEVE IN SHOES N CARS
(02:09 / All) Kazakhstan: i know the words of Socrates as well
(03:01 / Allies) FlashingLights: feels wrong to get a hero
(03:04 / Allies) FlashingLights: feels... weak
(03:05 / Allies) FlashingLights: cowardly
(05:02 / All) FlashingLights: I keep hitting g for hero ability
(06:08 / Allies) ANDROMEDASUX: purple lets hit red expo ngigga
(07:56 / Allies) ANDROMEDASUX: purple
(10:12 / Allies) ANDROMEDASUX: im a little suspicious on why purple didnt hit red
(10:58 / Allies) ANDROMEDASUX: wood plz
(13:04 / Allies) jayphive: attack?
(14:52 / All) FlashingLights: didn't have health bar on either
(15:55 / Allies) jayphive: tp
(15:55 / Allies) jayphive: tp
(20:00 / Allies) FlashingLights: lumber?
(21:54 / All) FlashingLights: Raped ho
(22:17 / All) FlashingLights: HAHA
(22:20 / All) FlashingLights: DIE TANK BOI
(22:20 / All) REVELATIONSPACE: RED TK
(22:21 / All) REVELATIONSPACE: RED TK
(22:58 / All) REVELATIONSPACE: RED TK
(22:59 / All) REVELATIONSPACE: RED TK
(23:31 / All) FlashingLights: BATTY BOY FATTY
(23:33 / All) FlashingLights: RED
(23:35 / All) FlashingLights: BATTY BOY FATTY
(24:06 / Allies) ANDROMEDASUX: hit red niggers
(24:31 / Allies) ANDROMEDASUX: purle help us kill red. im delroys friend
(25:12 / All) 3HERO: yup I knew it
(26:48 / All) FlashingLights: 3hero is unavailable
(28:21 / Allies) tHe)r3Al4sG0D: ?
(28:32 / Allies) ANDROMEDASUX: that's what you get for not paying attention earlier loser
(28:47 / Allies) tHe)r3Al4sG0D: lolo
(28:47 / Allies) tHe)r3Al4sG0D: lo
(28:48 / Allies) tHe)r3Al4sG0D: o
(28:48 / Allies) tHe)r3Al4sG0D: ol
(28:54 / Allies) tHe)r3Al4sG0D: u dumb cuck
(28:55 / Allies) ANDROMEDASUX: gonnna have unholydreadlord ban ur ip
(28:56 / Allies) tHe)r3Al4sG0D: its ok
(29:01 / All) tHe)r3Al4sG0D: LOL
(29:07 / All) ANDROMEDASUX: SAY I WON
(29:10 / All) ANDROMEDASUX: SAY I WONT
(29:11 / All) ANDROMEDASUX: DO IT
(29:14 / All) tHe)r3Al4sG0D: green thinks he good
(29:16 / All) ANDROMEDASUX: UR BANNED FROM CLAN S4S
(29:18 / All) tHe)r3Al4sG0D: hes a faggot
(29:20 / All) FlashingLights: AM I GOOD?
(29:21 / All) tHe)r3Al4sG0D: :P:P:
(29:25 / All) REVELATIONSPACE: I owned you purp
(29:26 / All) ANDROMEDASUX: UR DH IS DEAD NOW NIGGA
(29:28 / All) REVELATIONSPACE: leave and give me my win
(29:35 / All) tHe)r3Al4sG0D: im a shaman stupid bitch
(29:36 / All) tHe)r3Al4sG0D: lol
(29:49 / All) FlashingLights: LOL
(29:50 / All) REVELATIONSPACE: you're my bitch is what you are
(29:51 / All) FlashingLights: UR LIKE KING OF THE NERDS
(29:54 / All) FlashingLights: WOOO BIG DEAL FAGGOT
(29:58 / Allies) tHe)r3Al4sG0D: LOLL
(30:05 / All) tHe)r3Al4sG0D: ur full of shit
(30:09 / All) tHe)r3Al4sG0D: idgaf
(30:10 / All) FlashingLights: u got raped newbie
(30:20 / All) tHe)r3Al4sG0D: im not banned from my clan im a shamn
(30:23 / All) tHe)r3Al4sG0D: come clan s4s
(30:25 / All) tHe)r3Al4sG0D: after
(30:39 / All) ANDROMEDASUX: ur banned
(30:42 / All) tHe)r3Al4sG0D: fucking noob
(30:43 / All) ANDROMEDASUX: i m the law
(30:47 / All) tHe)r3Al4sG0D: noob
(30:48 / All) FlashingLights: RAPED NOOBS
(30:51 / All) REVELATIONSPACE: raped
(30:54 / All) ANDROMEDASUX: purple raging ll
(31:00 / All) tHe)r3Al4sG0D: sucks dick for bus fair still walks home
(31:05 / All) ANDROMEDASUX: LOL
(31:17 / All) ANDROMEDASUX: ur ip banned and that's final nigga.
(31:41 / All) FlashingLights: raped noob
(31:47 / All) tHe)r3Al4sG0D: RIP
(31:52 / All) ANDROMEDASUX: out purple
(31:53 / All) ANDROMEDASUX: time to leave
(31:56 / All) tHe)r3Al4sG0D: RIP
(32:09 / All) REVELATIONSPACE: "i'm a shaman" lmao classic
(32:14 / All) tHe)r3Al4sG0D: LOL
(32:24 / All) ANDROMEDASUX: he mad cuz he nub
(32:31 / All) REVELATIONSPACE: I'll remember your rage this game purp
(32:32 / All) tHe)r3Al4sG0D: yea
(32:35 / All) tHe)r3Al4sG0D: im mad asf
(32:37 / All) tHe)r3Al4sG0D: rofl
(32:38 / All) tHe)r3Al4sG0D: xd
(32:38 / All) REVELATIONSPACE: accept you got owned and leave with some dignity
(32:40 / All) tHe)r3Al4sG0D: noobs
(32:45 / All) REVELATIONSPACE: you are definitely mad as fuck
(32:45 / All) tHe)r3Al4sG0D: idgaf
(32:48 / All) FlashingLights: HAHA U GOT RAPED NOOB
(32:50 / All) REVELATIONSPACE: then outta my game
(32:52 / All) tHe)r3Al4sG0D: i dont take it personally
(32:56 / All) tHe)r3Al4sG0D: like u butt plugs
(33:13 / All) ANDROMEDASUX: we know the drill. say you don't care when ur raging at ur monitor
(33:20 / All) tHe)r3Al4sG0D: LOL
(33:25 / All) tHe)r3Al4sG0D: ur shit
(33:29 / All) tHe)r3Al4sG0D: i figured mass towers
(33:33 / All) tHe)r3Al4sG0D: tking involved
(33:58 / Allies) tHe)r3Al4sG0D: forgot one
(34:00 / Allies) tHe)r3Al4sG0D: campo
(34:03 / All) ANDROMEDASUX: fewa > s4s
(34:06 / All) ANDROMEDASUX: aint even close
(34:07 / All) tHe)r3Al4sG0D: ur gay nigger
(34:08 / All) ANDROMEDASUX: we were legends
(34:13 / All) ANDROMEDASUX: ur clan sux balls
(34:14 / All) tHe)r3Al4sG0D: u suck cuck ass
(34:16 / All) tHe)r3Al4sG0D: LOL
(34:22 / All) tHe)r3Al4sG0D: come clanm s4s
(34:25 / All) tHe)r3Al4sG0D: clan s4s
(34:29 / All) REVELATIONSPACE: we rape your clan members regularly
(34:30 / All) tHe)r3Al4sG0D: come clan s4s
(34:33 / All) tHe)r3Al4sG0D: plz
(34:34 / All) tHe)r3Al4sG0D: come
(34:39 / All) tHe)r3Al4sG0D: LOL
(34:41 / All) tHe)r3Al4sG0D: u rape
(34:44 / All) REVELATIONSPACE: so we can tell them that you got fucked and raged in your own channel?
(34:45 / All) tHe)r3Al4sG0D: u tkjing nigggger
(34:49 / All) tHe)r3Al4sG0D: suck dick
(34:56 / All) tHe)r3Al4sG0D: 1v1
(34:57 / All) tHe)r3Al4sG0D: ?
(35:00 / All) tHe)r3Al4sG0D: little cuck
(35:05 / All) tHe)r3Al4sG0D: dont dodge
(35:11 / All) tHe)r3Al4sG0D: like a bitch u are
(35:13 / All) ANDROMEDASUX: we will save the replay and you wil lbe another of our victims
(35:15 / All) REVELATIONSPACE: lmao
(35:20 / All) tHe)r3Al4sG0D: LOL
(35:21 / All) FlashingLights: LOL
(35:22 / All) FlashingLights: U MAD
(35:24 / All) tHe)r3Al4sG0D: so cool
(35:25 / All) FlashingLights: MADDER THAN HELL
(35:28 / All) tHe)r3Al4sG0D: fucking cucks
(35:31 / All) FlashingLights: U GOT RAPED
(35:35 / All) ANDROMEDASUX: lawl
(35:40 / All) REVELATIONSPACE: purp projecting his cuckold fantasies onto us
(35:41 / All) ANDROMEDASUX: i 100% know he is pissed
(35:50 / All) REVELATIONSPACE: purp or red lose
(35:53 / All) ANDROMEDASUX: i say purp
(35:55 / All) FlashingLights: purp?